 Dungeon Crawl Stone Soup version 0.17-a0-2127-g1cb09f6 (webtiles) character file.

429 brucemayne the Chopper (level 6, -3/44 HPs)
             Began as a Demonspawn Gladiator on Oct 22, 2015.
             Was a Follower of Makhleb.
             Shot with an arrow by a centaur (10 damage)
             ... on level 5 of the Dungeon.
             The game lasted 00:09:46 (1846 turns).

brucemayne the Chopper (Demonspawn Gladiator)       Turns: 1846, Time: 00:09:46

Health: -3/44      AC:  7    Str: 17    XL:     6   Next: 66%
Magic:  6/6        EV:  6    Int:  9    God:    Makhleb [*.....]
Gold:   128        SH:  0    Dex: 14    Spells: 0 memorised, 5 levels left

rFire  . . .     SeeInvis .     a - +0 war axe
rCold  . . .     Clarity  .     p - +0 ring mail
rNeg   . . .     SustAt   .     (no shield)
rPois  .         Gourm    .     c - +0 helmet
rElec  .         Spirit   .     r - +0 cloak
rCorr  .         Warding  .     (no gloves)
rMut   +         Stasis   .     (no boots)
MR     .....                    n - amulet of resist mutation
Stlth  ..........               (no ring)
                                (no ring)

@: not resistant to hostile enchantments, extremely unstealthy
A: hooves 2, powered by death 1, powered by pain 1
a: Renounce Religion


You were on level 5 of the Dungeon.
You worshipped Makhleb.
Makhleb was aware of your devotion.
You were not hungry.

You visited 2 branches of the dungeon, and saw 6 of its levels.

You collected 128 gold pieces.

Inventory:

Hand Weapons
 a - a +0 war axe (weapon)
 h - a +1 short sword of venom
Missiles
 i - 16 poisoned needles
Armour
 b - a +0 leather armour
 c - a +0 helmet (worn)
 p - a +0 ring mail (worn)
 r - a +0 cloak (worn)
Jewellery
 n - an amulet of resist mutation (around neck)
Wands
 k - a wand of lightning (4)
Scrolls
 g - 5 scrolls of identify
 j - a scroll of fog {unknown}
 l - a scroll of blinking {unknown}
 m - a scroll of magic mapping {unknown}
 q - a scroll of remove curse {unknown}
 s - a scroll of amnesia {unknown}
Comestibles
 e - 2 bread rations
 f - 3 beef jerkies
 o - a meat ration


   Skills:
 - Level 2.0 Fighting
 + Level 6.9 Axes
 - Level 1.7 Throwing
 - Level 2.6 Dodging


You had 5 spell levels left.
You didn't know any spells.

Dungeon Overview and Level Annotations

Branches:
Dungeon (5/15)             Temple (1/1) D:4

Altars:
Gozag
Makhleb
Nemelex Xobeh
Trog
Xom
Zin
The Shining One

Portals:
Sewer: D:4

Annotations:
D:3 youngkai's ghost, amateur SpAr


Innate Abilities, Weirdness & Mutations

You have hoof-like feet.
You regenerate a little health from kills.
You sometimes gain a little power by taking damage.


Message History

Throwing (i - inventory):
d - 2 throwing nets (quivered)
Press: ? - help, Shift-Dir - straight line, f - ice beast, p - centaur
Aim: an ice beast You throw a throwing net.
The throwing net closely misses the ice beast.
The throwing net hits the centaur.
The centaur struggles against the net.
The net rips apart, and the centaur comes free!
The ice beast hits you but does no damage.
Throwing (i - inventory):
d - a throwing net (quivered)
Press: ? - help, Shift-Dir - straight line, f/p - ice beast
Aim: an ice beast You throw a throwing net.
The throwing net hits the ice beast.
The ice beast is caught in the net!
The ice beast struggles against the net.
The ice beast struggles against the net.
The centaur shoots an arrow.
The arrow barely misses you.
There is a stone staircase leading up here.
You see here an arrow.
The centaur shoots an arrow.
The arrow hits you!
You die...

#.#... #....#
#....###
..#####.^....#
........ ........<.#
..#..... #........#
......# ######...#
......# ########...#
....?# #.....@....#
#...## #.........##
#....# #.......#.#
#....# #.........#
#.#..###Y..........#
#Y#...#........#####
#c###..........# #O#
#.c........#
#.###.#........#


You could see an ice beast and a centaur.

Vanquished Creatures
  A centaur (D:5)
  An ogre (D:4)
  A crimson imp (D:4)
  2 orc wizards
  2 worker ants (D:4)
  6 adders
  A river rat (D:4)
  A worm (D:2)
  11 orcs
  3 bats (D:2)
  5 giant cockroaches
  2 goblins (D:2)
  3 hobgoblins
  4 jackals
  4 kobolds
  3 ball pythons
  A giant gecko (D:4)
  3 hobgoblin zombies (D:4)
  A kobold skeleton (D:4)
  A kobold zombie (D:4)
  3 orc skeletons (D:4)
  2 rats
61 creatures vanquished.

Notes
Turn   | Place    | Note
--------------------------------------------------------------
     0 | D:1      | brucemayne the Demonspawn Gladiator began the quest for the Orb.
     0 | D:1      | Reached XP level 1. HP: 16/16 MP: 1/1
   126 | D:1      | Reached skill level 3 in Axes
   235 | D:2      | Found a sparkling altar of Nemelex Xobeh.
   337 | D:2      | Gained mutation: You have large cloven feet. [demonic ancestry]
   337 | D:2      | Reached XP level 2. HP: 8/22 MP: 2/2
   438 | D:3      | Noticed youngkai's ghost (amateur SpAr)
   499 | D:3      | HP: 1/22 [orc/short sword (2)]
   507 | D:3      | HP: 1/22 [orc wizard/dagger (1)]
   508 | D:3      | Reached skill level 4 in Axes
   508 | D:3      | Gained mutation: You have hoof-like feet. [demonic ancestry]
   508 | D:3      | Reached XP level 3. HP: 1/27 MP: 3/3
   547 | D:3      | HP: 1/27 [jackal (1)]
  1059 | D:2      | Gained mutation: You sometimes gain a little power by taking damage. [demonic ancestry]
  1059 | D:2      | Reached XP level 4. HP: 14/33 MP: 4/4
  1232 | D:4      | Found a staircase to the Ecumenical Temple.
  1241 | Temple   | Entered the Ecumenical Temple
  1254 | Temple   | Became a worshipper of Makhleb the Destroyer
  1297 | D:4      | Reached skill level 5 in Axes
  1366 | D:4      | Reached XP level 5. HP: 9/38 MP: 5/5
  1493 | D:4      | Noticed an ogre
  1557 | D:4      | Found a glowing drain.
  1599 | D:4      | Reached * piety under Makhleb
  1622 | D:4      | Killed an ogre
  1622 | D:4      | Reached skill level 6 in Axes
  1622 | D:4      | Gained mutation: You regenerate a little health from kills. [demonic ancestry]
  1622 | D:4      | Reached XP level 6. HP: 2/44 MP: 6/6
  1694 | D:4      | Found a glowing golden altar of the Shining One.
  1747 | D:5      | Entered Level 5 of the Dungeon
  1846 | D:5      | Shot with an arrow by a centaur

Vault maps used:
D:1:      minmay_arrival_widening_spiral_wide
D:2:      kennysheep_big_flooded_room, nemelex_xobeh_ov_fountains_minmay
D:3:      first_bread, ecumenical_altar_1, uniq_sigmund,
          uniq_crazy_yiuf_cottage, uniq_iyjb
D:4:      minmay_temple_entry_junction2, portal_sewer_entry_b,
          hangedman_decor_riveting, nicolae_tso_besieged_by_evil
Temple:   eino_temple_water_12

Action                   |  1- 3 |  4- 6 || total
-------------------------+-------+-------++-------
Melee: War axe           |    14 |    30 ||    44
       Short sword       |    68 |    82 ||   150
Throw: Throwing net      |     1 |     4 ||     5
Evoke: Wand              |       |     7 ||     7
  Use: Potion            |     2 |       ||     2
       Scroll            |       |     1 ||     1
  Eat: Chunk             |       |     3 ||     3
